 Dungeon Sprint DCSS version 0.27-a0-797-g27d10ad80f (webtiles) character file.

Game seed: 344437437984046578

1077 mhtbhm the Spear-Bearer (level 8, -16/86 HPs)
             Began as a Minotaur Berserker on Mar 27, 2021.
             Was an Elder of Trog.
             Demolished by a two-headed ogre
             ... wielding a +0 giant club
             ... summoned by the player character
              (22 damage)
             ... in the Dungeon (Sprint IX: "|||||||||||||||||||||||||||||").
             The game lasted 00:00:44 (253 turns).

mhtbhm the Spear-Bearer (Minotaur Berserker)         Turns: 253, Time: 00:00:45

Health: -16/86     AC: 18    Str: 28    XL:     8   Next: 8%
Magic:  7/7        EV: 14    Int:  4    God:    Trog [****..]
Gold:   0          SH:  0    Dex:  9    Spells: 7/7 levels left

rFire    . . .     SeeInvis .   a - +2 halberd (protect)
rCold    . . .     Faith    .   (shield currently unavailable)
rNeg     . . .     Spirit   .   b - +1 scale mail
rPois    .         Reflect  .   (helmet restricted)
rElec    .         Harm     .   k - +0 cloak
rCorr    .         Rampage  .   (no gloves)
Will     .....     NoTele   +   l - +0 pair of boots
Stlth    ..........             (no amulet)
HPRegen  0.24/turn              m - +2 ring of evasion
MPRegen  0.10/turn              n - +3 ring of strength

@: protection aura, berserk cooldown, slowed, very slow
A: horns 2, retaliatory headbutt
a: Renounce Religion, Berserk, Trog's Hand, Brothers in Arms


You were in the Dungeon.
You worshipped Trog.
Trog was greatly pleased with you.
You visited 1 branch

Inventory:

Hand Weapons
 a - a +2 halberd of protection (weapon)
Armour
 b - a +1 scale mail (worn)
 k - a +0 cloak (worn)
 l - a +0 pair of boots (worn)
Jewellery
 m - a +2 ring of evasion (left hand)
 n - a +3 ring of strength (right hand)
Wands
 j - a wand of acid (10)
Scrolls
 h - 2 scrolls of blinking
Potions
 c - 5 potions of curing
 d - 2 potions of heal wounds
 e - a potion of haste
 f - 4 potions of magic
 g - a potion of berserk rage
 i - a potion of invisibility


   Skills:
 + Level 13.2 Fighting
 + Level 13.4 Polearms
 + Level 7.3 Armour
 + Level 6.7 Dodging


You had 7 spell levels left.
You didn't know any spells.
Your spell library was empty.

Dungeon Overview and Level Annotations

Branches:
Dungeon (1/1)

Altars:
Cheibriados
Dithmenos
Elyvilon
Fedhas
Gozag
Hepliaklqana
Kikubaaqudgha
Makhleb
Nemelex Xobeh
Okawaru
Qazlal
Ru
Sif Muna
Trog
Uskayaw
Vehumet
Wu Jian
Xom
Yredelemnul
Zin
The Shining One
Beogh
Jiyva
Lugonu


Innate Abilities, Weirdness & Mutations

You have a pair of horns on your head.
You reflexively headbutt those who attack you in melee.


Message History

You closely miss something. You headbutt something.
You are no longer berserk.
You are exhausted.
You feel yourself slow down. Something hits you but does no damage.
Something bites you.
Something draws strength from your injuries!
You barely miss something. Your headbutt misses something. Something hits you.
Something bites you.
Something draws strength from your injuries!
You slash something! Something draws life force from you!
Your scale mail prevents you from hitting something.
Your headbutt misses something. Something hits you but does no damage.
Something barely misses you.
You barely miss something. Something hits you but does no damage.
Something bites you but does no damage. Something hits you but does no damage.
Something bites you but does no damage.
You feel much better. Something hits you but does no damage.
Something bites you but does no damage.
Your two-headed ogre goes berserk!
Something hits you. Something bites you!
Something draws strength from your injuries!
Something hits you. Something bites you but does no damage.
Unknown command.
You hit something but do no damage.
Your weapon exudes an aura of protection.
Something barely misses you. x2
You swap places.
You hear some strange, mumbled words.
Your two-headed ogre appears confused.
Your two-headed ogre hits you with a +0 giant club!!
* * * LOW HITPOINT WARNING * * *
Your two-headed ogre barely misses you.
There is an open door to the Dungeon, spattered with blood here.
Unknown command.
Reach: a) +2 halberd (protect)
Press: ? - help, Dir - move target You reach to attack!
You miss something. Something hits your two-headed ogre!
Something bites your two-headed ogre.
Your two-headed ogre hits you with a +0 giant club!!
You die...

▓+▓
▓.▓
▓.▓
▓.▓
▓.▓
▓{▓
▓O▓
▓@▓
▓.▓
▓.▓
▓.▓
▓[▓
▓.▓
▓.▓
▓)▓
▓?▓


You could see a friendly two-headed ogre (summoned, berserk, confused).

Vanquished Creatures
  A two-headed ogre (D)
  A black bear (D)
  An orc warrior (D)
  An ogre (D)
  A kobold brigand (D)
  A scorpion (D)
  A killer bee (D)
  A wight (D)
  An adder (D)
  2 bats (D)
  A jackal (D)
  2 kobolds (D)
  A rat (D)
15 creatures vanquished.

Notes
Turn   | Place    | Note
-------+----------+-------------------------------------------
     0 | D        | mhtbhm the Minotaur Berserker began the quest for the Orb.
     0 | D        | Reached XP level 1. HP: 19/19 MP: 0/0
     8 | D        | Reached ** piety under Trog
   129 | D        | Noticed a scorpion
   129 | D        | Noticed an ogre
   129 | D        | Noticed a black bear
   133 | D        | Killed a black bear
   134 | D        | Reached XP level 2. HP: 34/34 MP: 1/1
   134 | D        | Reached XP level 3. HP: 39/39 MP: 2/2
   134 | D        | Reached XP level 4. HP: 47/47 MP: 3/3
   136 | D        | Killed an ogre
   136 | D        | Reached *** piety under Trog
   137 | D        | Reached XP level 5. HP: 57/57 MP: 4/4
   143 | D        | Reached skill level 5 in Armour
   154 | D        | Found a snail-covered altar of Cheibriados.
   154 | D        | Found a shadowy altar of Dithmenos.
   154 | D        | Found a white marble altar of Elyvilon.
   154 | D        | Found a blossoming altar of Fedhas.
   154 | D        | Found an opulent altar of Gozag.
   155 | D        | Found a hazy altar of Hepliaklqana.
   156 | D        | Found a viscous altar of Jiyva.
   157 | D        | Found an ancient bone altar of Kikubaaqudgha.
   158 | D        | Found a corrupted altar of Lugonu.
   159 | D        | Found a burning altar of Makhleb.
   160 | D        | Found a sparkling altar of Nemelex Xobeh.
   161 | D        | Found an iron altar of Okawaru.
   162 | D        | Found a stormy altar of Qazlal.
   163 | D        | Found a sacrificial altar of Ru.
   164 | D        | Found a shimmering blue altar of Sif Muna.
   165 | D        | Found a bloodstained altar of Trog.
   166 | D        | Found a hide-covered altar of Uskayaw.
   167 | D        | Found a radiant altar of Vehumet.
   168 | D        | Found an ornate altar of the Wu Jian Council.
   169 | D        | Found a shimmering altar of Xom.
   170 | D        | Found a basalt altar of Yredelemnul.
   171 | D        | Found a glowing silver altar of Zin.
   172 | D        | Found a glowing golden altar of the Shining One.
   225 | D        | Noticed a vampire
   225 | D        | Noticed a two-headed ogre
   225 | D        | Noticed an orc warrior
   230 | D        | Killed an orc warrior
   230 | D        | Reached **** piety under Trog
   231 | D        | Reached skill level 10 in Fighting
   231 | D        | Reached skill level 10 in Polearms
   231 | D        | Reached skill level 5 in Dodging
   231 | D        | Reached XP level 6. HP: 58/67 MP: 5/5
   233 | D        | Killed a two-headed ogre
   234 | D        | Reached XP level 7. HP: 69/78 MP: 6/6
   240 | D        | Reached XP level 8. HP: 67/86 MP: 7/7
   253 | D        | Demolished by a two-headed ogre

Illustrated notes

Levels and vault maps discovered:
D:        linesprint [early_d, line_temple, items_1, d_10, items_2, lair_1,
          lair_end, items_3, orc_1, orc_end, items_4, d_15, swamp_1, shoals_1,
          snake_1, spider_1, d_20, vaults_1, items_5, swamp_end, shoals_end,
          snake_end, spider_end, vaults_end, d_27, items_6, zot_1, zot_end,
          crypt_end, forest_end, elf_end, slime_end, tomb_end, abyss_end,
          pan_hell_end]

Skill      XL: |  1  2  3  4  5  6  7 |
---------------+----------------------+-----
Fighting       | 7 9 10 12 13 | 13.2
Polearms       | 7 9 10 13 | 13.4
Armour         | 4 5 7 |  7.3
Dodging        | 3 4 5 6 |  6.7

Action                   |  1- 3 |  4- 6 |  7- 9 || total
-------------------------+-------+-------+-------++-------
Melee: Spear             |    14 |    14 |       ||    28
       Headbutt          |     3 |     3 |     4 ||    10
       Halberd           |       |     6 |    16 ||    22
Invok: Berserk           |     1 |     1 |       ||     2
       Brothers in Arms  |       |       |     1 ||     1
  Use: Potion            |       |       |     1 ||     1
Armor: Animal skin       |     3 |       |       ||     3
       Scale mail        |       |       |    11 ||    11
Dodge: Dodged            |     2 |     5 |     6 ||    13

Table legend: (Time is in decaauts)
 A = Elapsed time spent in this place.
 B = Non-inter-level travel time spent in this place.
 C = Inter-level travel time spent in this place.
 D = Time resting spent in this place.
 E = Time spent auto-exploring this place.
 F = Levels seen in this place.
 G = Mean time per level.
                   A        B        C        D        E       F      G
               +--------+--------+--------+--------+--------+-----+--------+
         Total |    248 |    248 |      0 |    109 |      3 |   1 |  248.0 |
       Dungeon |    248 |    248 |      0 |    109 |      3 |   1 |  248.0 |
               +--------+--------+--------+--------+--------+-----+--------+

Top non-repeatable levels by time:
       D: 248 daAuts
